 Dungeon Sprint DCSS version 0.30-a0-862-g1aabd4f9c5 (webtiles) character file.

Game seed: 15102870978691563764

1496 BigDaddyOpFi the Fighter (level 11, -17/86 HPs)
             Began as an Octopode Fighter on Mar 8, 2023.
             Was the Champion of Qazlal.
             Killed from afar by a bog body (29 damage)
             ... with a bolt of cold
             ... in the Dungeon (Sprint VI: "Thunderdome").
             The game lasted 00:05:05 (1313 turns).

BigDaddyOpFi the Fighter (Octopode Fighter)         Turns: 1313, Time: 00:05:06

Health: -17/86     AC:  1    Str: 34    XL:     11   Next: 20%
Magic:  28/28      EV: 17    Int: 13    God:    Qazlal [******]
Gold:   200        SH: 15    Dex: 11    Spells: 10/10 levels left

rFire   . . .      SeeInvis .    s - +8 broad axe (vamp)
rCold   + . .      Faith    +    b - +0 buckler
rNeg    . . .      Spirit   .    (helmet restricted)
rPois   +          Reflect  .    q - amulet of Cabb {Faith MP+9 Str+4 Int-4}
rElec   .          Rampage  .    n - ring of Melee {Will+ Str+2}
rCorr   .          NoTele   +    o - ring "Nuduc" {rPois Str+6}
Will    +....                    p - ring "Gozxis" {Str+2 Int+6}
Stlth   +                        (no ring)
HPRegen 0.34/turn                (no ring)
MPRegen 0.21/turn                (no ring)
                                 (no ring)
                                 (no ring)

@: protected from cold, repel missiles
A: almost no armour, amphibious, 8 rings, camouflage 1, gelatinous body 1,
(nimble swimmer 1), tentacles
}: 1/15 runes: decaying
a: Renounce Religion, Upheaval, Elemental Force, Disaster Area


You were in the Dungeon.
You worshipped Qazlal.
Qazlal was exalted by your worship.
You visited 1 branch You collected 1500 gold pieces.
You spent 1300 gold pieces at shops.

Inventory:

Hand Weapons
 a - a +0 war axe
 r - a +3 hand axe
 s - a +8 vampiric broad axe (weapon)
Armour
 b - a +0 buckler (worn)
Jewellery
 n - the ring of Melee (left tentacle) {Will+ Str+2}
   (You bought it in a shop in the Dungeon)

   [ring of willpower]

   Str:       It affects your strength (+2).
   Will:      It increases your willpower.
 o - the ring "Nuduc" (right tentacle) {rPois Str+6}
   (You bought it in a shop in the Dungeon)

   [ring of strength]

   Str:       It affects your strength (+6).
   rPois:     It protects you from poison.
 p - the ring "Gozxis" (on tentacle) {Str+2 Int+6}
   (You bought it in a shop in the Dungeon)

   [ring of intelligence]

   Str:       It affects your strength (+2).
   Int:       It affects your intelligence (+6).
 q - the amulet of Cabb (around mantle) {Faith MP+9 Str+4 Int-4}
   (You bought it in a shop in the Dungeon)

   [amulet of faith]

   It allows you to gain divine favour quickly.
   Str:       It affects your strength (+4).
   Int:       It affects your intelligence (-4).
   MP:        It affects your magic capacity (+9).
Wands
 k - a wand of acid (5)
 l - a wand of iceblast (5)
 t - a wand of digging (6)
Scrolls
 i - 3 scrolls of blinking
 m - 3 scrolls of fog
Potions
 f - 2 potions of haste
 g - 2 potions of magic
 h - a potion of berserk rage
 j - a potion of resistance


   Skills:
 + Level 12.5 Fighting
 + Level 12.2 Axes
 + Level 12.4 Dodging
 + Level 12.4 Shields
 + Level 11.6 Invocations


You had 10 spell levels left.
You didn't know any spells.
Your spell library was empty.

Dungeon Overview and Level Annotations

Branches:
Dungeon (1/1)

Altars:
Cheibriados
Dithmenos
Fedhas
Gozag
Kikubaaqudgha
Makhleb
Okawaru
Qazlal
Ru
Sif Muna
Trog
Uskayaw
Vehumet
Wu Jian
Xom
Yredelemnul
Zin
The Shining One
Lugonu

Shops:
D *[??*?*:[((!!!!


Innate Abilities, Weirdness & Mutations

You cannot wear most types of armour.
You are amphibious.
You can wear up to eight rings at the same time.
Your skin changes colour to match your surroundings (Stealth+).
Your rubbery body absorbs attacks. (AC +1, EV +1)
((You are camouflaged when in or above water. (Stealth+)))
You have tentacles for arms and can constrict up to eight enemies at once.


Message History

A bog body comes into view.
You feel less protected from cold.
You start resting.
A bog body is nearby!
A bog body is nearby!
You hit the bog body. You grab the bog body.
The bog body is lightly damaged.
You constrict the bog body. The bog body casts a spell at you.
The bolt of cold misses you.
You slice the bog body!!
The bog body is almost destroyed.
You constrict the bog body!
You destroy the bog body!
Qazlal accepts your kill.
A necrophage comes into view. x2; A bog body comes into view.
There are monsters nearby!
The necrophage misses you.
You closely miss the necrophage. Your grab misses the necrophage.
The necrophage barely misses you. The bog body casts a spell at you.
The bolt of cold hits the necrophage.
The necrophage resists.
The bolt of cold hits you!!
* * * LOW HITPOINT WARNING * * *
You slash the necrophage! You grab the necrophage.
The necrophage is almost destroyed.
You closely miss the necrophage. You constrict the necrophage.
The necrophage hits you!
* * * LOW HITPOINT WARNING * * *
The necrophage barely misses you.
You slash the necrophage!
You destroy the necrophage!
Qazlal accepts your kill.
You slash the necrophage! You block the necrophage's attack.
You feel better. The necrophage hits you.
* * * LOW HITPOINT WARNING * * *
The bog body gestures at you while chanting.
The bolt of cold hits you!!
You feel protected from cold.
You die...

#_......._# ###†...[....###
#⌠...)......(⌠#
######.8†[.......8.######
##.__.......###......___∩##
###∩........8†# #.8........∩###
#........[....###..†..........##
⌠......[...###...###..†.......⌠#
⌠..........# #☼n@# #..........⌠#
⌠..........###..n###..........⌠#
#.............###...n.........##
###∩........8.# #.8........∩###
##∩___......###.......__∩##
######.8.........8.######
#⌠...........§# ###.........###
#........_#


You could see a bog body and a necrophage.

Vanquished Creatures
  A mummy priest (D)
  A wizard (D)
  5 bog bodies (D)
  4 guardian mummies (D)
  2 tyrant leeches (D)
  Sigmund (D)
  A wraith (D)
  5 floating eyes (D)
  A necrophage (D)
  2 wights (D)
  4 jellies (D)
  3 mummies (D)
  5 worms (D)
  A dart slug (D)
  An orc (D)
  A spectral bat (D)
  3 endoplasms (D)
  A kobold (D)
  A bat (D)
  A rat (D)
  A spectral giant cockroach (D)
  A spectral quokka (D)
46 creatures vanquished.

Notes
Turn   | Place    | Note
-------+----------+-------------------------------------------
     0 | D        | BigDaddyOpFi the Octopode Fighter began the quest for the
                  | Orb.
     0 | D        | Reached XP level 1. HP: 16/16 MP: 1/1
     3 | D        | Found a bloodstained altar of Trog.
     4 | D        | Found an iron altar of Okawaru.
     4 | D        | Found a glowing golden altar of the Shining One.
     5 | D        | Found a blossoming altar of Fedhas.
     5 | D        | Found an ornate altar of the Wu Jian Council.
     5 | D        | Round 1.
     6 | D        | Found a radiant altar of Vehumet.
     6 | D        | Found Ycatisul's Identification Station.
     7 | D        | Found Futsohom's Jewellery.
     7 | D        | Found Moudemau's Advanced Armour.
    15 | D        | Bought a coiled bronze ring for 45 gold pieces
    15 | D        | Identified the ring of Melee {Will+ Str+2} (You bought it
                  | in a shop in the Dungeon)
    15 | D        | Bought a bound silver ring for 45 gold pieces
    15 | D        | Identified the ring "Nuduc" {rPois Str+6} (You bought it in
                  | a shop in the Dungeon)
    15 | D        | Bought a bound granite ring for 45 gold pieces
    15 | D        | Identified the ring "Gozxis" {Str+2 Int+6} (You bought it
                  | in a shop in the Dungeon)
    15 | D        | Bought a clouded bone amulet for 45 gold pieces
    15 | D        | Identified the amulet of Cabb {Faith MP+9 Str+4 Int-4} (You
                  | bought it in a shop in the Dungeon)
    48 | D        | Found a basalt altar of Yredelemnul.
    51 | D        | Found Uceutat's Magic Scroll Shop.
    52 | D        | Found Diphiqid's Magic Scroll Shop.
    52 | D        | Found Todoygh's Must-Have Magic.
    65 | D        | Found a snail-covered altar of Cheibriados.
    65 | D        | Found an ancient bone altar of Kikubaaqudgha.
    65 | D        | Found a burning altar of Makhleb.
    65 | D        | Found Tesues's Staff Store.
    71 | D        | Found a stormy altar of Qazlal.
    72 | D        | Found a shimmering altar of Xom.
    73 | D        | Found a corrupted altar of Lugonu.
    78 | D        | Found Ydeot's Distillery.
    80 | D        | Reached XP level 2. HP: 20/21 MP: 2/2
   115 | D        | Noticed Sigmund
   125 | D        | Killed Sigmund
   125 | D        | Arena points: 14 (+14) [x2]
   126 | D        | Reached skill level 5 in Axes
   126 | D        | Reached XP level 3. HP: 30/30 MP: 3/3
   126 | D        | Reached XP level 4. HP: 36/36 MP: 4/4
   126 | D        | Reached XP level 5. HP: 41/41 MP: 5/5
   143 | D        | Found a glowing silver altar of Zin.
   144 | D        | Found a hide-covered altar of Uskayaw.
   144 | D        | Found Poof's Premium Goods.
   145 | D        | Round 2.
   146 | D        | Found a shimmering blue altar of Sif Muna.
   146 | D        | Found an opulent altar of Gozag.
   146 | D        | Found Xicefan's Weapon Rack.
   146 | D        | Found Iheriq's Miscellaneous Merchandise.
   146 | D        | Found Eceum's Basic Armour.
   154 | D        | Found a sacrificial altar of Ru.
   155 | D        | Found a shadowy altar of Dithmenos.
   155 | D        | Found Obeidirph's Do-It-Yourself Clinic.
   157 | D        | Found Ruaxaj's Bottled Wisdom.
   157 | D        | Found Hitwutew's Distillery.
   232 | D        | Became a worshipper of Qazlal Stormbringer
   277 | D        | Reached * piety under Qazlal
   278 | D        | Reached skill level 1 in Invocations
   278 | D        | Reached XP level 6. HP: 26/47 MP: 6/6
   312 | D        | Arena points: 56 (+42) [x3]
   344 | D        | Round 3.
   353 | D        | Reached ** piety under Qazlal
   380 | D        | Noticed a wraith
   388 | D        | Killed a wraith
   389 | D        | Reached XP level 7. HP: 47/54 MP: 10/10
   419 | D        | Reached *** piety under Qazlal
   465 | D        | Arena points: 140 (+84) [x4]
   488 | D        | Bought a +0 broad axe for 120 gold pieces
   529 | D        | Round 4.
   541 | D        | Paralysed by a floating eye for 4 turns
   545 | D        | Reached **** piety under Qazlal
   546 | D        | Reached skill level 5 in Invocations
   668 | D        | Paralysed by a floating eye for 3 turns
   672 | D        | Reached XP level 8. HP: 62/62 MP: 12/12
   705 | D        | Reached ***** piety under Qazlal
   705 | D        | Arena points: 280 (+140) [x5]
   715 | D        | Bought a scroll of brand weapon for 95 gold pieces
   727 | D        | Round 5.
   730 | D        | Noticed a witch
   739 | D        | Noticed a four-headed hydra
   739 | D        | Killed a witch
   739 | D        | Arena points: 560 (+280) [x7]
   740 | D        | Reached XP level 9. HP: 70/70 MP: 14/14
   742 | D        | Got a decaying rune of Zot
   743 | D        | Reached skill level 10 in Fighting
   743 | D        | Reached skill level 10 in Dodging
   743 | D        | Reached skill level 10 in Shields
   743 | D        | Reached XP level 10. HP: 76/76 MP: 16/16
   941 | D        | Round 6.
   961 | D        | Reached skill level 10 in Axes
   961 | D        | Noticed a mummy priest
   970 | D        | Killed a mummy priest
  1073 | D        | Reached ****** piety under Qazlal
  1073 | D        | Arena points: 992 (+432) [x8]
  1074 | D        | Reached skill level 10 in Invocations
  1089 | D        | Bought 8 scrolls of enchant weapon for 600 gold pieces
  1092 | D        | Round 7.
  1155 | D        | Bought 3 potions of heal wounds for 105 gold pieces
  1157 | D        | Arena points: 1496 (+504) [x9]
  1172 | D        | Round 8.
  1173 | D        | Noticed a bog body
  1179 | D        | Killed a bog body
  1182 | D        | Bought a scroll of brand weapon for 95 gold pieces
  1186 | D        | Noticed a bog body
  1191 | D        | Killed a bog body
  1214 | D        | Noticed a bog body
  1219 | D        | HP: 2/80 [bog body (23)]
  1224 | D        | Noticed a bog body
  1233 | D        | Bought 3 potions of heal wounds for 105 gold pieces
  1240 | D        | Killed a bog body
  1241 | D        | Reached XP level 11. HP: 28/85 MP: 19/19
  1244 | D        | HP: 3/85 [bog body (12)]
  1245 | D        | Killed a bog body
  1298 | D        | Noticed a bog body
  1305 | D        | Killed a bog body
  1308 | D        | Noticed a bog body
  1313 | D        | Killed from afar by a bog body

Illustrated notes

Levels and vault maps discovered:
D:        arena_sprint

Skill      XL: |  1  2  3  4  5  6  7  8  9 10 11 |
---------------+----------------------------------+-----
Fighting       | 6 7 8 9 10 12 | 12.5
Axes           | 5 6 7 8 9 11 12 | 12.2
Dodging        | 6 7 8 9 10 12 | 12.4
Shields        | 6 7 8 9 10 12 | 12.4
Invocations    | 1 4 5 7 8 11 | 11.6

Action                     |  1- 3 |  4- 6 |  7- 9 | 10-12 || total
---------------------------+-------+-------+-------+-------++-------
  Melee: War axe           |     9 |    26 |     7 |       ||    42
         Constrict         |     2 |       |     4 |    10 ||    16
         Tentacles         |     1 |     6 |     6 |    13 ||    26
         Broad axe         |       |       |    13 |    54 ||    67
         Punch             |       |       |       |     1 ||     1
    Use: Potion            |       |       |     2 |    13 ||    15
         Scroll            |       |       |     1 |    10 ||    11
 Armour: Skin              |     1 |     3 |       |     1 ||     5
  Dodge: Dodged            |     9 |    12 |     3 |    12 ||    36
  Block: Buckler           |       |     8 |     9 |    15 ||    32

Table legend: (Time is in decaauts)
 A = Elapsed time spent in this place.
 B = Non-inter-level travel time spent in this place.
 C = Inter-level travel time spent in this place.
 D = Time resting spent in this place.
 E = Time spent auto-exploring this place.
 F = Levels seen in this place.
 G = Mean time per level.
                   A        B        C        D        E       F      G
               +--------+--------+--------+--------+--------+-----+--------+
         Total |   1294 |   1294 |      0 |    570 |     40 |   1 | 1294.0 |
       Dungeon |   1294 |   1294 |      0 |    570 |     40 |   1 | 1294.0 |
               +--------+--------+--------+--------+--------+-----+--------+

Top non-repeatable levels by time:
       D: 1294 daAuts
